 Dungeon Crawl Stone Soup version 0.17-a0-2108-g65e8068 (webtiles) character file.

103 Kromin the Chopper (level 4, -3/39 HPs)
             Began as a Minotaur Berserker on Oct 19, 2015.
             Was a Believer of Trog.
             Slain by a gnoll
             ... wielding a +0 spear
              (7 damage)
             ... on level 3 of the Dungeon.
             The game lasted 00:02:09 (1600 turns).

Kromin the Chopper (Minotaur Berserker)             Turns: 1600, Time: 00:02:09

Health: -3/39      AC:  2    Str: 22    XL:     4   Next: 51%
Magic:  3/3        EV: 12    Int:  4    God:    Trog [**....]
Gold:   86         SH:  0    Dex: 10    Spells: 0 memorised, 3 levels left

rFire  . . .     SeeInvis .     j - +2 hand axe (elec)
rCold  . . .     Clarity  .     b - +0 animal skin
rNeg   . . .     SustAt   .     (no shield)
rPois  .         Gourm    .     (helmet restricted)
rElec  .         Spirit   .     (no cloak)
rCorr  .         Warding  .     (no gloves)
rMut   .         Stasis   .     (no boots)
MR     .....                    (no amulet)
Stlth  +.........               (no ring)
                                (no ring)

@: not resistant to hostile enchantments, very unstealthy
A: retaliatory headbutt, horns 2
a: Berserk, Trog's Hand, Burn Spellbooks, Renounce Religion


You were on level 3 of the Dungeon.
You worshipped Trog.
Trog was pleased with you.
You were not hungry.

You visited 1 branch of the dungeon, and saw 3 of its levels.

You collected 86 gold pieces.

Inventory:

Hand Weapons
 a - a +0 hand axe
 j - a +2 hand axe of electrocution (weapon)
Armour
 b - a +0 animal skin (worn)
Scrolls
 d - a scroll of teleportation {unknown}
 g - 4 scrolls of blinking {unknown}
 k - a scroll of enchant weapon {unknown}
 m - a scroll of amnesia {unknown}
Potions
 e - a potion of brilliance {unknown}
 f - 2 potions of flight {unknown}
 h - 2 potions of curing {unknown}
 l - a potion of lignification {unknown}
Books
 i - a book of Unlife

   Spells                             Type                      Level
   a - Recall                         Summoning/Translocation      3
   b - Animate Dead                   Necromancy                   4
   c - Control Undead                 Necromancy                   4
   d - Cigotuvi's Embrace             Necromancy                   5
   e - Death Channel                  Necromancy                   6
   f - Simulacrum                     Ice/Necromancy               6
   Trog disapproves of the use of such an item.
Comestibles
 c - a bread ration
 n - a beef jerky
 o - 2 chunks of flesh


   Skills:
 - Level 3.6 Fighting
 + Level 6.4 Axes
 - Level 2.5 Armour
 - Level 2.1 Dodging


You had 3 spell levels left.
You didn't know any spells.

Dungeon Overview and Level Annotations

Branches:
Dungeon (3/15)

Altars:
Gozag
Nemelex Xobeh


Innate Abilities, Weirdness & Mutations

You reflexively headbutt those who attack you in melee.
You have a pair of horns on your head.


Message History

Trog accepts your kill.
You hit the goblin but do no damage. The goblin hits you.
The gnoll completely misses you.
You closely miss the goblin. The goblin barely misses you.
The gnoll hits you from afar with a spear.
You hit the goblin.
There is a sudden explosion of sparks!
You kill the goblin!
Trog accepts your kill.
The gnoll hits you from afar with a spear.
* * * LOW HITPOINT WARNING * * *
You are too injured to fight recklessly!
You are too injured to fight recklessly!
You are too injured to fight recklessly!
The gnoll hits you from afar with a spear.
* * * LOW HITPOINT WARNING * * *
You see here a spear.
The gnoll misses you.
You barely miss the gnoll. Your headbutt misses the gnoll.
The gnoll hits you with a spear!
You die...

... ############### ...
.............. .!..
#............ .....
#............
.....#######............
#.........#............
#.....)†....####.......
#.....@.....# ########
###...g.....#
#.........# ...........#
.. ............... ..
.........####### .
.........# # .........#


You could see a gnoll.

Vanquished Creatures
  3 gnolls (D:3)
  2 adders (D:2)
  An ooze (D:2)
  3 worms (D:2)
  6 bats
  3 hobgoblins
  A giant cockroach (D:2)
  A giant gecko (D:1)
  3 giant newts
  6 goblins
  6 jackals (D:1)
  6 kobolds
  7 rats
48 creatures vanquished.

Notes
Turn   | Place    | Note
--------------------------------------------------------------
     0 | D:1      | Kromin the Minotaur Berserker began the quest for the Orb.
     0 | D:1      | Reached XP level 1. HP: 19/19 MP: 0/0
   201 | D:1      | Reached skill level 4 in Axes
   232 | D:1      | Reached XP level 2. HP: 19/26 MP: 1/1
   728 | D:2      | Found an opulent altar of Gozag.
   728 | D:2      | Found a sparkling altar of Nemelex Xobeh.
   756 | D:2      | Reached skill level 5 in Axes
   774 | D:2      | Reached XP level 3. HP: 22/31 MP: 2/2
   778 | D:2      | Reached ** piety under Trog
  1074 | D:2      | Reached XP level 4. HP: 22/39 MP: 3/3
  1589 | D:3      | Reached skill level 6 in Axes
  1600 | D:3      | Slain by a gnoll

Vault maps used:
D:1:      mrwooster_arrival_statue_3
D:2:      wad_lake_hut, grunt_temple_overflow_opulence
D:3:      nicolae_overflow_crystal_walls, lemuel_crystal_altar, fedhas_altar_3

Action                   |  1- 3 |  4- 6 || total
-------------------------+-------+-------++-------
Melee: Hand axe          |    74 |    16 ||    90
  Eat: Chunk             |       |     2 ||     2
